 Dungeon Crawl Stone Soup version 0.27-a0-1273-gec92ba881d (webtiles) character file.

Game seed: 3007291210080828971

5236 pkoi the Cleaver (level 10, -7/90 HPs)
             Began as a Minotaur Gladiator on June 11, 2021.
             Was a Believer of Okawaru.
             Mangled by a vampire (11 damage)
             ... on level 9 of the Dungeon on June 15, 2021.
             The game lasted 00:12:52 (10631 turns).

pkoi the Cleaver (Minotaur Gladiator)              Turns: 10631, Time: 00:12:53

Health: -7/90      AC: 14    Str: 22    XL:     10   Next: 35%
Magic:  11/11      EV: 15    Int:  9    God:    Okawaru [**....]
Gold:   538        SH:  0    Dex: 12    Spells: 9/9 levels left

rFire    . . .     SeeInvis .   x - +2 war axe (vorpal)
rCold    . . .     Faith    .   (no shield)
rNeg     . . .     Spirit   .   p - +0 chain mail
rPois    .         Reflect  .   c - +1 hat
rElec    .         Harm     .   f - +0 cloak
rCorr    +         Rampage  .   z - +0 pair of gloves of the Ten Princes {Int+4}
Will     .....                  (no boots)
Stlth    ..........             (no amulet)
HPRegen  0.25/turn              k - +4 ring of evasion
MPRegen  0.12/turn              C - ring of resist corrosion

@: brilliant
A: horns 2, retaliatory headbutt
a: Renounce Religion, Heroism


You were on level 9 of the Dungeon.
You worshipped Okawaru.
Okawaru was pleased with you.
You visited 2 branches of the dungeon, and saw 10 of its levels.
You also visited: Ossuary.

You collected 538 gold pieces.

Inventory:

Hand Weapons
 a - a +0 war axe
 t - a +0 shortbow
 x - a +2 vorpal war axe (weapon)
Missiles
 d - 30 poisoned darts (quivered)
 e - 56 bolts
 s - 3 throwing nets
 u - 137 arrows
Armour
 c - a +1 hat (worn)
 f - a +0 cloak (worn)
 p - a +0 chain mail (worn)
 y - a +0 pair of gloves
 z - the +0 pair of gloves of the Ten Princes (worn) {Int+4}
   (You found it on level 6 of the Dungeon)

   It affects your intelligence (+4).
Jewellery
 h - a ring of ice
 k - a +4 ring of evasion (left hand)
 C - a ring of resist corrosion (right hand)
 D - an amulet of magic regeneration
Wands
 n - a wand of iceblast (18)
 o - a wand of polymorph (6)
 w - a wand of flame (23)
Scrolls
 b - 3 scrolls of blinking
 i - 6 scrolls of identify
 l - 2 scrolls of amnesia
 m - 3 scrolls of teleportation
 q - 2 scrolls of magic mapping
Potions
 j - 3 potions of flight
 r - 3 potions of curing
 v - a potion of degeneration {unknown}
 A - 2 potions of invisibility {unknown}
 B - a potion of ambrosia {unknown}


   Skills:
 + Level 8.8 Fighting
 + Level 9.5 Axes
 + Level 4.1 Bows
 - Level 2.1 Throwing
 + Level 8.4 Armour
 + Level 8.6 Dodging
 + Level 3.3 Invocations
 - Level 1.1 Evocations


You had 9 spell levels left.
You didn't know any spells.
Your spell library contained the following spells:

 Spells                   Type           Power      Damage    Failure   Level
 Summon Small Mammal      Summ           0%         N/A       95%         1
 Call Imp                 Summ           0%         N/A       99%         2
 Call Canine Familiar     Summ           0%         N/A       100%        3
 Summon Guardian Golem    Hex/Summ       0%         N/A       100%        3
 Summon Ice Beast         Ice/Summ       0%         N/A       100%        4
 Summon Lightning Spire   Summ/Air       0%         N/A       100%        4


Dungeon Overview and Level Annotations

Branches:
Dungeon (9/15)             Temple (1/1) D:5         Ossuary (visited)
   Lair: D:8-11         Orc: D:9-12

Altars:
Ashenzari
Cheibriados
Dithmenos
Elyvilon
Fedhas
Hepliaklqana
Kikubaaqudgha
Makhleb
Nemelex Xobeh
Okawaru
Qazlal
Ru
Sif Muna
Trog
Uskayaw
Vehumet
Wu Jian
Xom
Yredelemnul
Zin
The Shining One


Innate Abilities, Weirdness & Mutations

You have a pair of horns on your head.
You reflexively headbutt those who attack you in melee.


Message History

Beogh smites you!
The orc warrior hits you from afar with a +0 glaive!
The orc warrior barely misses you. You furiously retaliate!
You headbutt the orc warrior. You barely miss the orc warrior.
The orc warrior is moderately wounded.
You completely miss the fungus. The orc warrior misses you.
You hit the orc warrior. Your headbutt misses the orc warrior.
The orc warrior is moderately wounded.
You slash the fungus!
The fungus begins to die.
The orc warrior hits you with a +0 glaive!
The orc priest completely misses you.
The orc warrior hits you with a +0 glaive!
A nearby fungus withers and dies.
The orc priest invokes the aid of Beogh against you.
Beogh smites you! The orc warrior barely misses you.
You hear some strange, mumbled words.
Something tries to affect you, but you resist.
You hear some strange, mumbled words.
You are confused.
The orc priest invokes the aid of Beogh against you.
Beogh smites you!
* * * LOW HITPOINT WARNING * * *
You can't go up here!
Unknown command.
Unknown command.
You bump into the closed door.
The orc warrior hits you from afar with a +0 glaive!
* * * LOW HITPOINT WARNING * * *
You can't go up here!
It was a potion of brilliance.
You feel clever all of a sudden. Something hits you but does no damage.
Something bites you but does no damage. The orc warrior misses you.
It was a potion of curing.
You feel better.
The orc priest calls upon Beogh to heal the orc warrior.
The orc warrior is healed somewhat.
Something hits you!
* * * LOW HITPOINT WARNING * * *
Something bites you!
You die...

.... .....PPPP....P..
.....###P...PP.PP.....
..........P.....P[....
..........P.P.....P...
..........†......#
............)....#
.............o.†.#
...........†.†÷..#
######.....o@...#
#.####+##+## #.# #.#
#.# ###


You could see an orc warrior and an orc priest.

Vanquished Creatures
  A kobold demonologist (D:5)
  A hornet (D:8)
  Grinder (D:6)
  A wyvern (D:7)
  A vampire (D:9)
  A yak (D:8)
  Eustachio (D:5)
  A steam dragon (D:8)
  2 water moccasins
  6 black bears
  2 ice beasts (D:4)
  2 centaurs
  An ogre (D:5)
  5 kobold brigands
  2 phantoms
  7 bullfrogs
  A water moccasin skeleton (D:5)
  9 wights
  9 killer bees
  4 howler monkeys (D:8)
  4 hounds
  2 jellies
  3 orc priests
  A centaur skeleton (D:6)
  3 iguanas
  An orc wizard (D:6)
  3 mummies (Ossuary)
  A howler monkey skeleton (D:6)
  7 gnolls
  9 adders
  2 shadow imps
  2 ufetubi
  A worm zombie (D:4)
  2 adder zombies (Ossuary)
  3 worms
  2 dart slugs
  29 orcs
  11 ball pythons
  4 bats
  7 endoplasms
  2 giant cockroaches
  7 goblins
  7 hobgoblins
  9 jackals
  15 kobolds
  2 quokkas
  2 frilled lizards
  A gnoll zombie (Ossuary)
  4 goblin zombies (Ossuary)
  A hobgoblin zombie (Ossuary)
  5 kobold zombies (Ossuary)
  4 quokka zombies (Ossuary)
  8 rats
  A rat zombie (Ossuary)
223 creatures vanquished.

Vanquished Creatures (others)
  32 fungi (D:9)
  43 plants
75 creatures vanquished.

Grand Total: 298 creatures vanquished

Notes
Turn   | Place    | Note
-------+----------+-------------------------------------------
     0 | D:1      | pkoi the Minotaur Gladiator began the quest for the Orb.
     0 | D:1      | Reached XP level 1. HP: 18/18 MP: 0/0
   243 | D:1      | Reached skill level 4 in Axes
   253 | D:1      | Reached XP level 2. HP: 25/25 MP: 1/1
   637 | D:1      | Reached XP level 3. HP: 27/30 MP: 2/2
   852 | D:1      | Reached skill level 1 in Armour
  1129 | D:2      | Found a radiant altar of Vehumet.
  1282 | D:2      | Found a faded altar of an unknown god.
  1598 | D:3      | Reached XP level 4. HP: 34/37 MP: 3/3
  2314 | D:3      | Noticed a phantom
  2318 | D:3      | Killed a phantom
  2319 | D:3      | Reached skill level 5 in Axes
  2319 | D:3      | Reached XP level 5. HP: 31/45 MP: 4/4
  3022 | D:4      | Found a sand-covered staircase.
  3023 | D:4      | Noticed an ice beast
  3038 | D:4      | Killed an ice beast
  3039 | D:4      | Reached XP level 6. HP: 11/52 MP: 5/5
  3257 | Ossuary  | Entered an ossuary
  3618 | D:4      | Noticed an ice beast
  3626 | D:4      | Killed an ice beast
  3627 | D:4      | Reached skill level 5 in Dodging
  3638 | D:4      | Reached skill level 6 in Axes
  3638 | D:4      | Reached XP level 7. HP: 24/60 MP: 6/6
  4238 | D:4      | Reached skill level 5 in Fighting
  4763 | D:5      | Entered Level 5 of the Dungeon
  4811 | D:5      | Noticed Eustachio
  4894 | D:5      | Noticed a kobold demonologist
  4905 | D:5      | Noticed a smoke demon
  4913 | D:5      | Killed a kobold demonologist
  4914 | D:5      | Reached skill level 5 in Armour
  4914 | D:5      | Reached XP level 8. HP: 18/70 MP: 7/7
  4919 | D:5      | Reached skill level 7 in Axes
  4944 | D:5      | HP: 3/70 [adder (1)]
  5286 | D:5      | Found a staircase to the Ecumenical Temple.
  6329 | D:5      | Killed Eustachio
  6443 | D:5      | Reached skill level 8 in Axes
  6761 | D:6      | Reached XP level 9. HP: 26/74 MP: 8/8
  7515 | D:6      | Reached skill level 1 in Bows
  7534 | Temple   | Entered the Ecumenical Temple
  7613 | Temple   | Became a worshipper of Warmaster Okawaru
  7740 | D:6      | Noticed Grinder
  7748 | D:6      | Killed Grinder
  7916 | D:6      | Identified the +0 pair of gloves of the Ten Princes {Int+4}
  8352 | D:7      | Reached skill level 1 in Invocations
  8486 | D:7      | Reached skill level 1 in Evocations
  8988 | D:7      | Reached skill level 9 in Axes
  8994 | D:7      | Reached * piety under Okawaru
  9767 | D:8      | Reached XP level 10. HP: 75/89 MP: 10/10
 10450 | D:9      | Reached ** piety under Okawaru
 10631 | D:9      | HP: 4/90 [something (11)]
 10631 | D:9      | Mangled by a vampire

Illustrated notes

Levels and vault maps discovered:
D:1:      dpeg_arrival_boxorama, layout_loops_ring
D:2:      layout_basic, hellmonk_ecumenical_altar_heavens_door, basic_altar
D:3:      cheibrodos_old_hovel, layout_loops_cross
D:4:      layout_basic, enter_ossuary_3
D:5:      layout_loops_ring, minmay_temple_entry_from_below_a, uniq_eustachio
D:6:      layout_gridville, uniq_grinder
D:7:      layout_rooms
D:8:      layout_loops_corners
D:9:      lemuel_castle_with_subvaults [lemuel_castle_interior_original],
          layout_irregular_city, nicolae_overflow_hidden_temple,
          due_lair_maze_entry_diamond, serial_bayou, serial_bayou_pond_d,
          serial_bayou_ford_a, serial_bayou_pond_b, serial_bayou_pond_a
Temple:   compressed_dpeg_circular_temple

Skill      XL: |  1  2  3  4  5  6  7  8  9 10 |
---------------+-------------------------------+-----
Axes           | 4 5 6 8 9 |  9.5
Armour         | 1 2 3 4 5 6 8 |  8.4
Dodging        | 4 5 6 7 8 |  8.6
Fighting       | 3 4 5 7 8 |  8.8
Bows           | 3 4 |  4.1
Invocations    | 2 3 |  3.3
Evocations     | 1 |  1.1
Throwing       | |  2.1

Action                   |  1- 3 |  4- 6 |  7- 9 | 10-12 || total
-------------------------+-------+-------+-------+-------++-------
Melee: War axe           |    80 |   110 |   324 |    52 ||   566
       Headbutt          |     7 |    19 |    55 |    12 ||    93
Throw: Dart              |       |       |     4 |       ||     4
Invok: Heroism           |       |       |       |     1 ||     1
Evoke: Wand              |       |       |     2 |       ||     2
  Use: Scroll            |       |       |    11 |       ||    11
       Potion            |       |       |     2 |     2 ||     4
Armor: Leather armour    |    25 |     4 |       |       ||    29
       Chain mail        |       |    41 |   198 |    26 ||   265
Dodge: Dodged            |    50 |    65 |   287 |    72 ||   474

Table legend: (Time is in decaauts)
 A = Elapsed time spent in this place.
 B = Non-inter-level travel time spent in this place.
 C = Inter-level travel time spent in this place.
 D = Time resting spent in this place.
 E = Time spent auto-exploring this place.
 F = Levels seen in this place.
 G = Mean time per level.
                   A        B        C        D        E       F      G
               +--------+--------+--------+--------+--------+-----+--------+
         Total |  10726 |  10232 |    494 |   3117 |   5575 |  11 |  975.1 |
       Dungeon |  10349 |   9861 |    488 |   2973 |   5442 |   9 | 1149.9 |
        Temple |     85 |     79 |      6 |      0 |     72 |   1 |   85.0 |
       Ossuary |    291 |    291 |      0 |    144 |     61 |   1 |  291.0 |
               +--------+--------+--------+--------+--------+-----+--------+

Top non-repeatable levels by time:
     D:4: 1991 daAuts
     D:5: 1747 daAuts
     D:8: 1309 daAuts
     D:6: 1227 daAuts
     D:2: 1224 daAuts
     D:3: 924 daAuts
     D:1: 919 daAuts
     D:7: 894 daAuts
 Ossuary: 291 daAuts
     D:9: 110 daAuts
  Temple: 85 daAuts
